 Dungeon Crawl Stone Soup version 0.20.0-15-g7f486f2 (webtiles) character file.

22 Ic0n the Ruffian (level 2, 0/34 HPs)
             Began as a Draconian Transmuter on June 24, 2017.
             Succumbed to an adder's poison
             ... on level 2 of the Dungeon.
             The game lasted 00:02:41 (987 turns).

Ic0n the Ruffian (Draconian Transmuter)              Turns: 987, Time: 00:02:42

Health: 0/34       AC:  5    Str: 17    XL:     2   Next: 68%
Magic:  1/5        EV: 12    Int: 13    God:
Gold:   28         SH:  0    Dex: 11    Spells: 2/5 levels left

rFire    . . .     SeeInvis .   d - +0 rapier
rCold    . . .     Gourm    .   (no shield)
rNeg     . . .     Faith    .   (armour unavailable)
rPois    .         Spirit   .   (helmet restricted)
rElec    .         Reflect  .   (no cloak)
rCorr    .         Harm     .   (no gloves)
MR       .....                  n - +0 pair of boots
Stlth    ..........             (no amulet)
Regen    0.2/turn               (no ring)
MPRegen  0.1/turn               (no ring)

@: berserking, lethally poisoned (0 -> -9), very slightly contaminated, very
quick
A: unfitting armour, cold-blooded, AC +4
a: no special abilities


You were on level 2 of the Dungeon.
You were hungry.

You visited 1 branch of the dungeon, and saw 2 of its levels.

You collected 28 gold pieces.

Inventory:

Hand Weapons
 d - a +0 rapier (weapon)
Missiles
 a - 12 arrows
Armour
 n - a +0 pair of boots (worn)
Scrolls
 e - a scroll of remove curse
 g - a scroll of recharging
 h - a scroll of teleportation
 l - a scroll of enchant weapon {unknown}
Potions
 i - a potion of lignification {unknown}
 j - a potion of might
 k - a potion of ambrosia
Books
 b - a book of Changes

   Spells                             Type                      Level
   a - Beastly Appendage              Transmutation                1
   b - Sticks to Snakes               Transmutation                2
   c - Spider Form                    Transmutation/Poison         3
   d - Ice Form                       Ice/Transmutation            4
   e - Blade Hands                    Transmutation                5
Comestibles
 c - a bread ration
 f - 4 chunks of flesh
 m - a royal jelly
 o - a meat ration


   Skills:
 + Level 1.5 Fighting
 + Level 2.0 Dodging
 + Level 3.2 Unarmed Combat
 + Level 2.2 Spellcasting
 + Level 2.3 Transmutations


You had 2 spell levels left.
You knew the following spells:

 Your Spells              Type           Power        Failure   Level  Hunger
a - Beastly Appendage     Tmut           #.....       10%         1    ##.....
b - Sticks to Snakes      Tmut           #.......     14%         2    ###....


Dungeon Overview and Level Annotations

Branches:
Dungeon (2/15)

Altars:


Innate Abilities, Weirdness & Mutations

Your plain brown scales are hard. (AC +4)
You cannot fit into any form of body armour.
You are cold-blooded and may be slowed by cold attacks.


Message History

Your tail-slap misses the adder.
The adder closely misses you. x2
You hit the adder.
The adder is moderately wounded.
You feel sick. The adder bites you.
You are lethally poisoned!
The adder poisons you!
You hit the adder but do no damage.
Your tail-slap misses the adder.
The adder is moderately wounded.
You feel sick. The adder bites you.
* * * LOW HITPOINT WARNING * * *
The adder bites you.
* * * LOW HITPOINT WARNING * * *
Unknown command.
A red film seems to cover your vision as you go berserk!
You feel yourself moving faster!
You feel mighty!
Your horns disappear.
The adder closely misses you.
You closely miss the adder.
The adder is moderately wounded.
You die...

###### ####
#....##...
#.......#...
#....?....# #S# #@#
# # #.# .# #... ...
#.##.####
##...##.####.#......
#.....#.##..........
#...............###.
#............##.#
#.....#.##.### ...
##.....#.##.# ###


You could see an adder.

Vanquished Creatures
  A giant cockroach (D:1)
  7 hobgoblins (D:1)
  2 jackals (D:2)
  A kobold (D:2)
  4 bats (D:1)
  2 frilled lizards (D:1)
  3 rats (D:1)
20 creatures vanquished.

Notes
Turn   | Place    | Note
-------+----------+-------------------------------------------
     0 | D:1      | Ic0n the Draconian Transmuter began the quest for the Orb.
     0 | D:1      | Reached XP level 1. HP: 16/16 MP: 3/3
   303 | D:1      | Reached XP level 2. HP: 21/23 MP: 5/5
   307 | D:1      | Learned a level 2 spell: Sticks to Snakes
   985 | D:2      | HP: 1/23 [adder (4)]
   987 | D:2      | Succumbed to an adder's poison

Skill      XL: |  1  2 |
---------------+-------+-----
Dodging        | 2 |  2.0
Fighting       | |  1.5
Unarmed Combat | |  3.2
Spellcasting   | |  2.2
Transmutations | |  2.3

Action                   || total
-------------------------++-------
Melee: Unarmed           ||    53
       Kick              ||     2
       Tailslap          ||     8
       Punch             ||     2
       Rapier            ||    14
       Headbutt          ||     3
 Cast: Beastly Appendage ||     9
  Use: Scroll            ||     7
       Potion            ||     1
Armor: Skin              ||    18
Dodge: Dodged            ||    64
